 Dungeon Crawl Stone Soup version 0.21.1-1-g345015f (webtiles) character file.

3707 vatarom the Protected (level 10, -1/109 HPs)
             Began as a Gnoll Wanderer on May 23, 2018.
             Slain by a death yak (16 damage)
             ... on level 9 of the Dungeon on May 24, 2018.
             The game lasted 00:20:00 (8188 turns).

vatarom the Protected (Gnoll Wanderer)              Turns: 8188, Time: 00:20:01

Health: -1/109     AC: 11    Str: 20    XL:     10   Next: 14%
Magic:  18/18      EV: 17    Int: 17    God:    Xom [..*...]
Gold:   392        SH:  0    Dex: 15    Spells: 2/20 levels left

rFire    + . .     SeeInvis .   E - +1 long sword (holy)
rCold    . . .     Gourm    .   (no shield)
rNeg     . . .     Faith    .   g - +0 leather armour {MR+}
rPois    .         Spirit   .   (helmet restricted)
rElec    .         Reflect  .   (no cloak)
rCorr    .         Harm     .   B - +1 pair of gloves
MR       +....                  b - +0 pair of boots
Stlth    ..........             (no amulet)
HPRegen  0.28/turn              x - ring of protection from fire
MPRegen  0.16/turn              A - +3 ring of evasion

@: berserking, very quick
A: distributed training, fangs 1, horns 1, icy blue scales 1, yellow scales 1,
blurry vision 1, strong nose
a: Renounce Religion


You were on level 9 of the Dungeon.
You worshipped Xom.
You were a toy of Xom.
You were full.

You visited 2 branches of the dungeon, and saw 10 of its levels.

You collected 392 gold pieces.

Inventory:

Hand Weapons
 E - a +1 long sword of holy wrath (weapon)
Armour
 b - a +0 pair of boots (worn)
 g - a +0 leather armour of magic resistance (worn)
 B - a +1 pair of gloves (worn)
Jewellery
 e - an uncursed ring of see invisible
 n - an uncursed ring of positive energy
 x - a ring of protection from fire (left hand)
 A - a +3 ring of evasion (right hand)
Wands
 c - a wand of paralysis (5)
Scrolls
 f - a scroll of enchant armour {unknown}
 h - 2 scrolls of fear {unknown}
 i - 8 scrolls of remove curse {unknown}
 j - 3 scrolls of noise {unknown}
 l - a scroll of fog {unknown}
 m - 3 scrolls of teleportation
 o - 3 scrolls of amnesia {unknown}
 s - 2 scrolls of random uselessness
 v - a scroll of magic mapping
 C - a scroll of immolation {unknown}
 F - a scroll of enchant weapon
 G - a scroll of identify
Potions
 d - 2 potions of might {unknown}
 p - 4 potions of flight
 r - a potion of ambrosia {unknown}
 t - 3 potions of mutation {unknown}
 u - 3 potions of lignification {unknown}
 w - 3 potions of degeneration {unknown}
 z - 2 potions of haste {unknown}
Books
 a - a book of Conjurations

   Spells                             Type                      Level
   a - Magic Dart                     Conjuration                  1
   b - Searing Ray                    Conjuration                  2
   c - Dazzling Spray                 Conjuration/Hexes            3
   d - Fulminant Prism                Conjuration/Hexes            4
   e - Force Lance                    Conjuration/Translocation    4
   f - Iskenderun's Mystic Blast      Conjuration                  4
Comestibles
 q - 18 rations
 D - 5 chunks of flesh


   Skills:
 + Level 4.9 Fighting
 + Level 4.9 Short Blades
 + Level 4.9 Long Blades
 + Level 4.9 Axes
 + Level 4.9 Maces & Flails
 + Level 4.9 Polearms
 + Level 4.9 Staves
 + Level 4.9 Slings
 + Level 4.9 Bows
 + Level 4.9 Crossbows
 + Level 4.9 Throwing
 + Level 8.3 Armour
 + Level 4.9 Dodging
 + Level 5.5 Stealth
 + Level 4.9 Shields
 + Level 4.9 Unarmed Combat
 + Level 5.7 Spellcasting
 + Level 6.9 Conjurations
 + Level 4.0 Hexes
 + Level 4.0 Charms
 + Level 4.6 Summonings
 + Level 4.0 Necromancy
 + Level 4.0 Translocations
 + Level 4.0 Transmutations
 + Level 4.0 Fire Magic
 + Level 4.0 Ice Magic
 + Level 4.0 Air Magic
 + Level 4.0 Earth Magic
 + Level 4.0 Poison Magic
 + Level 5.4 Invocations
 + Level 5.6 Evocations


You had 2 spell levels left.
You knew the following spells:

 Your Spells              Type           Power        Failure   Level  Hunger
a - Magic Dart            Conj           ####         1%          1    None
b - Searing Ray           Conj           ####..       1%          2    #......
c - Dazzling Spray        Conj/Hex       ###...       4%          3    ##.....
d - Iskenderun's Mystic   Conj           ####....     9%          4    ####...
e - Fulminant Prism       Conj/Hex       ###.......   16%         4    ####...
f - Force Lance           Conj/Tloc      ###.....     16%         4    ####...


Dungeon Overview and Level Annotations

Branches:
Dungeon (9/15)             Temple (1/1) D:7
   Lair: D:8-11         Orc: D:9-12

Altars:
Ashenzari
Cheibriados
Dithmenos
Elyvilon
Fedhas
Gozag
Hepliaklqana
Kikubaaqudgha
Makhleb
Nemelex Xobeh
Okawaru
Qazlal
Ru
Sif Muna
Trog
Uskayaw
Vehumet
Wu Jian
Xom
Yredelemnul
Zin

Shops:
D:7 [

Annotations:
D:5 w0lly's ghost, novice MiBe


Innate Abilities, Weirdness & Mutations

Your experience applies equally to all skills.
You have very sharp teeth.
Your uncanny sense of smell can sniff out nearby items.
You have a pair of small horns on your head.
You are partially covered in icy blue scales. (AC +2)
You are partially covered in yellow scales. (AC +2)
Scrolls take you a little longer to read.


Message History

The death yak gores you!!
The yak struggles against the net.
An orc comes into view. It is wielding a dagger.
A red film seems to cover your vision as you go berserk!
You feel yourself moving faster!
You feel mighty!
The orc shouts!
The death yak gores you!!
* * * LOW HITPOINT WARNING * * *
You barely miss the death yak. You headbutt the death yak.
The death yak is lightly wounded.
The yak struggles against the net.
The death yak misses you.
You barely miss the death yak.
The death yak is lightly wounded.
The yak struggles against the net.
The death yak gores you!
* * * LOW HITPOINT WARNING * * *
You completely miss the death yak.
You bite the death yak, but do no damage.
The death yak is lightly wounded.
The yak struggles against the net.
The death yak gores you!
You die...
Xom chortles!

........ #..# #..# #..# #..#
...Y.Y# #..# #..# #..# #..#
#....# #..# #..# #..# #..# #.YY#
#..# #..# #..# #..# #...# #..#
#o.# #..# #..# #...# #..# #..#
#..# #..# ####...####..# #..#
#..# #..#
..........>.Y####..#####..###..##
...........YYYYY@................
#################################


You could see 3 death yaks, 3 yaks and an orc.

Vanquished Creatures
  2 two-headed ogres
  Sigmund (D:3)
  A wyvern (D:8)
  An orc warrior (D:6)
  2 sky beasts
  An ice beast (D:9)
  A necrophage (D:7)
  A centaur (D:8)
  2 big kobolds
  3 killer bees (D:7)
  4 wights (D:7)
  3 howler monkeys
  4 crimson imps (D:7)
  3 quasits
  A bullfrog zombie (D:5)
  An orc priest (D:3)
  A jelly (D:6)
  A hound (D:6)
  A bullfrog skeleton (D:7)
  3 worker ants
  An iguana (D:9)
  2 hound skeletons (D:9)
  A hound zombie (D:7)
  A howler monkey zombie (D:8)
  8 adders
  4 gnolls (D:9)
  A shadow imp (D:6)
  3 oozes (D:2)
  2 adder skeletons
  3 dart slugs (D:1)
  4 leopard geckos
  17 orcs
  4 ball pythons
  8 bats
  14 giant cockroaches
  18 goblins
  15 hobgoblins
  11 jackals
  16 kobolds
  4 quokkas
  3 frilled lizards (D:1)
  7 rats
184 creatures vanquished.

Vanquished Creatures (collateral kills)
  The ghost of olivier the Grasshopper, a novice GnWr (D:4)
  A crimson imp (D:6)
  2 orcs
4 creatures vanquished.

Grand Total: 188 creatures vanquished

Notes
Turn   | Place    | Note
-------+----------+-------------------------------------------
     0 | D:1      | vatarom the Gnoll Wanderer began the quest for the Orb.
     0 | D:1      | vatarom set off with: a book of Conjurations, a +0 ring mail, a potion of curing, a +0 club, a ration
     0 | D:1      | Reached XP level 1. HP: 13/13 MP: 4/4
     2 | D:1      | Learned a level 1 spell: Magic Dart
   104 | D:1      | Reached XP level 2. HP: 13/19 MP: 2/5
   881 | D:1      | Reached XP level 3. HP: 20/25 MP: 7/7
  1185 | D:1      | Learned a level 2 spell: Searing Ray
  1348 | D:1      | Reached skill level 1 in Invocations
  1644 | D:2      | Reached skill level 1 in Fighting
  1644 | D:2      | Reached skill level 1 in Short Blades
  1644 | D:2      | Reached skill level 1 in Long Blades
  1644 | D:2      | Reached skill level 1 in Axes
  1644 | D:2      | Reached skill level 1 in Maces & Flails
  1644 | D:2      | Reached skill level 1 in Polearms
  1644 | D:2      | Reached skill level 1 in Staves
  1644 | D:2      | Reached skill level 1 in Slings
  1644 | D:2      | Reached skill level 1 in Bows
  1644 | D:2      | Reached skill level 1 in Crossbows
  1644 | D:2      | Reached skill level 1 in Throwing
  1644 | D:2      | Reached skill level 1 in Dodging
  1644 | D:2      | Reached skill level 1 in Shields
  1644 | D:2      | Reached skill level 1 in Unarmed Combat
  1861 | D:2      | Reached XP level 4. HP: 32/32 MP: 3/8
  2045 | D:2      | Learned a level 3 spell: Dazzling Spray
  2356 | D:2      | Found a faded altar of an unknown god.
  2404 | D:2      | Became a worshipper of Xom of Chaos
  2427 | D:2      | XOM: harmless Hex miscast
  2437 | D:2      | XOM: cloud trail
  2461 | D:2      | XOM: potion effect (agility)
  2472 | D:2      | Reached skill level 1 in Hexes
  2472 | D:2      | Reached skill level 1 in Charms
  2472 | D:2      | Reached skill level 1 in Necromancy
  2472 | D:2      | Reached skill level 1 in Translocations
  2472 | D:2      | Reached skill level 1 in Transmutations
  2472 | D:2      | Reached skill level 1 in Fire Magic
  2472 | D:2      | Reached skill level 1 in Ice Magic
  2472 | D:2      | Reached skill level 1 in Air Magic
  2472 | D:2      | Reached skill level 1 in Earth Magic
  2472 | D:2      | Reached skill level 1 in Poison Magic
  2744 | D:3      | Reached XP level 5. HP: 37/37 MP: 5/9
  2977 | D:3      | XOM: god gift: ration
  3346 | D:3      | XOM: cloud trail
  3368 | D:3      | XOM: 2-stop teleportation journey
  3429 | D:3      | XOM: scenery: create altars
  3494 | D:3      | Learned a level 4 spell: Iskenderun's Mystic Blast
  3856 | D:3      | Noticed Sigmund
  3868 | D:3      | Killed Sigmund
  3868 | D:3      | Reached XP level 6. HP: 30/44 MP: 1/11
  4075 | D:4      | Noticed olivier's ghost (novice GnWr)
  4079 | D:4      | XOM: 3-stop teleportation journey
  4082 | D:4      | XOM: enchant monster (good)
  4085 | D:4      | XOM: cast spell 'Summon Mana Viper'
  4095 | D:4      | Killed olivier's ghost
  4095 | D:4      | Reached skill level 7 in Armour
  4095 | D:4      | Reached XP level 7. HP: 31/51 MP: 9/12
  4166 | D:4      | XOM: noise
  4357 | D:4      | XOM is BORED!
  4695 | D:4      | Found a sacrificial altar of Ru.
  4861 | D:4      | XOM: give mutations
  4861 | D:4      | Gained mutation: You have a pair of small horns on your head. [Xom's mischief]
  4861 | D:4      | Gained mutation: You are dopey. (Int -2) [Xom's mischief]
  4861 | D:4      | Gained mutation: You are partially covered in icy blue scales. (AC +2) [Xom's mischief]
  4861 | D:4      | Lost mutation: You are dopey. (Int -2) [Xom's mischief]
  4923 | D:5      | Entered Level 5 of the Dungeon
  4977 | D:5      | XOM: 2-stop teleportation journey
  5199 | D:5      | Noticed w0lly's ghost (novice MiBe)
  5204 | D:5      | XOM: summons friendly white imp
  5235 | D:5      | XOM: 4-stop teleportation journey
  5313 | D:6      | XOM: summons 4 friendly demons
  5362 | D:6      | Reached XP level 8. HP: 43/57 MP: 4/14
  5368 | D:6      | Learned a level 4 spell: Fulminant Prism
  5856 | D:6      | XOM: give mutations
  5856 | D:6      | Gained mutation: You are partially covered in yellow scales. (AC +2) [Xom's mischief]
  5856 | D:6      | Gained mutation: Scrolls take you a little longer to read. [Xom's mischief]
  6020 | D:6      | XOM: 8-stop teleportation journey
  6347 | D:7      | Found a staircase to the Ecumenical Temple.
  6372 | Temple   | Entered the Ecumenical Temple
  6679 | D:7      | XOM: enchant monster (bad)
  6764 | D:7      | Found Leiri's Antique Armour Shoppe.
  6879 | D:7      | Reached XP level 9. HP: 53/65 MP: 16/16
  6910 | D:8      | XOM: polymorph sky beast -> wyvern
  7099 | D:8      | XOM: noise
  7154 | D:8      | Noticed a two-headed ogre
  7166 | D:8      | XOM: butterfly on damage
  7170 | D:8      | XOM: noise
  7189 | D:8      | Killed a two-headed ogre
  7189 | D:8      | Reached skill level 5 in Stealth
  7189 | D:8      | Reached skill level 5 in Spellcasting
  7189 | D:8      | Reached skill level 5 in Evocations
  7397 | D:8      | XOM is BORED!
  7397 | D:8      | XOM: medium Tloc miscast
  7495 | D:8      | Reached skill level 8 in Armour
  7988 | D:9      | Reached skill level 5 in Invocations
  7989 | D:9      | XOM: divination: detect creatures
  8032 | D:9      | Noticed a two-headed ogre
  8035 | D:9      | XOM: divination: detect creatures
  8041 | D:9      | Killed a two-headed ogre
  8041 | D:9      | Reached XP level 10. HP: 54/73 MP: 18/18
  8101 | D:9      | Learned a level 4 spell: Force Lance
  8161 | D:9      | Noticed a death yak
  8170 | D:9      | XOM: noise
  8181 | D:9      | Noticed a death yak
  8182 | D:9      | Noticed a death yak
  8188 | D:9      | Slain by a death yak

Skill      XL: |  1  2  3  4  5  6  7  8  9 |
---------------+----------------------------+-----
Summonings     | 2 3 4 |  4.6
Invocations    | 1 2 3 4 5 |  5.4
Fighting       | 1 2 3 4 |  4.9
Short Blades   | 1 2 3 4 |  4.9
Long Blades    | 1 2 3 4 |  4.9
Axes           | 1 2 3 4 |  4.9
Maces & Flails | 1 2 3 4 |  4.9
Polearms       | 1 2 3 4 |  4.9
Staves         | 1 2 3 4 |  4.9
Slings         | 1 2 3 4 |  4.9
Bows           | 1 2 3 4 |  4.9
Crossbows      | 1 2 3 4 |  4.9
Throwing       | 1 2 3 4 |  4.9
Dodging        | 1 2 3 4 |  4.9
Shields        | 1 2 3 4 |  4.9
Unarmed Combat | 1 2 3 4 |  4.9
Spellcasting   | 3 4 5 |  5.7
Hexes          | 1 2 3 4 |  4.0
Charms         | 1 2 3 4 |  4.0
Necromancy     | 1 2 3 4 |  4.0
Translocations | 1 2 3 4 |  4.0
Transmutations | 1 2 3 4 |  4.0
Fire Magic     | 1 2 3 4 |  4.0
Ice Magic      | 1 2 3 4 |  4.0
Air Magic      | 1 2 3 4 |  4.0
Earth Magic    | 1 2 3 4 |  4.0
Poison Magic   | 1 2 3 4 |  4.0
Evocations     | 3 4 5 |  5.6
Stealth        | 3 4 5 |  5.5
Armour         | 7 8 |  8.3
Conjurations   | 6 |  6.9

Action                   |  1- 3 |  4- 6 |  7- 9 | 10-12 || total
-------------------------+-------+-------+-------+-------++-------
Melee: Club              |   109 |       |       |       ||   109
       Bite              |    13 |     6 |    39 |     3 ||    61
       Hand axe          |     7 |    71 |    17 |       ||    95
       Punch             |       |     1 |     5 |       ||     6
       Mace              |       |       |    86 |       ||    86
       Headbutt          |       |       |    52 |     5 ||    57
       Long sword        |       |       |   198 |    10 ||   208
       Flail             |       |       |     7 |       ||     7
Throw: Throwing net      |       |       |     2 |     1 ||     3
 Cast: Magic Dart        |    35 |    76 |    38 |       ||   149
       Searing Ray       |     1 |     5 |     6 |       ||    12
       Iskenderun's Myst |       |     2 |     2 |       ||     4
       Dazzling Spray    |       |       |     1 |       ||     1
Evoke: Wand              |       |       |     4 |     1 ||     5
  Use: Potion            |       |     3 |     2 |     1 ||     6
       Scroll            |       |     2 |     6 |       ||     8
 Stab: Sleeping          |     2 |       |     1 |       ||     3
       Petrified         |       |    10 |       |       ||    10
       Paralysed         |       |       |    10 |       ||    10
  Eat: Ration            |     2 |     1 |     4 |       ||     7
       Chunk             |       |     1 |     8 |       ||     9
Armor: Ring mail         |    55 |    34 |       |       ||    89
       Leather armour    |       |     5 |   162 |     1 ||   168
Dodge: Dodged            |    89 |    61 |   345 |     8 ||   503
       Rpst.: Long sword |       |       |    58 |     3 ||    61
